 Dungeon Crawl Stone Soup version 0.21.1-1-g345015f (webtiles) character file.

46 glosham the Skirmisher (level 3, 0/24 HPs)
             Began as a Kobold Artificer on May 12, 2018.
             Succumbed to an adder's poison
             ... on level 4 of the Dungeon.
             The game lasted 00:06:35 (336 turns).

glosham the Skirmisher (Kobold Artificer)            Turns: 336, Time: 00:06:36

Health: 0/24       AC:  3    Str: 10    XL:     3   Next: 95%
Magic:  5/5        EV: 14    Int: 12    God:
Gold:   33         SH:  0    Dex: 15    Spells: 2/2 levels left

rFire    . . .     SeeInvis .   a - +1 hunting sling (flame)
rCold    . . .     Gourm    .   (shield restricted)
rNeg     . . .     Faith    .   l - +0 leather armour
rPois    .         Spirit   .   (no helmet)
rElec    .         Reflect  .   (no cloak)
rCorr    .         Harm     .   (no gloves)
MR       .....                  (no boots)
Stlth    ++........             (no amulet)
HPRegen  0.08/turn              (no ring)
MPRegen  0.09/turn              (no ring)

@: lethally poisoned (0 -> -14), flying
A: small, carnivore
a: no special abilities


You were on level 4 of the Dungeon.
You were completely stuffed.

You visited 1 branch of the dungeon, and saw 4 of its levels.

You collected 33 gold pieces.

Inventory:

Hand Weapons
 a - a +1 hunting sling of flaming (weapon)
 b - a +0 short sword
Missiles
 h - 33 stones (quivered)
Armour
 l - a +0 leather armour (worn)
Wands
 c - a wand of flame (15)
 d - a wand of enslavement (13)
 e - a wand of random effects (4)
Scrolls
 g - a scroll of immolation {unknown}
 j - a scroll of random uselessness {unknown}
Potions
 m - a potion of lignification {unknown}
Comestibles
 f - a ration
 k - a chunk of flesh


   Skills:
 * Level 3.8 Fighting
 - Level 1.3 Short Blades
 - Level 2.4 Dodging
 - Level 1.3 Stealth
 - Level 3.6 Evocations


You had 2 spell levels left.
You didn't know any spells.

Dungeon Overview and Level Annotations

Branches:
Dungeon (4/15)
 Temple: D:4-7

Altars:


Innate Abilities, Weirdness & Mutations

You are small and have problems with some larger weapons.
You are carnivorous and can eat meat at any time.


Message History

Firing (i - inventory):
h - 39 stones (quivered)
Press: ? - help, Shift-Dir - straight line, f/p - adder
Aim: an adder (heavily wounded)
You shoot a stone. The stone closely misses the adder.
Firing (i - inventory):
h - 38 stones (quivered)
Press: ? - help, Shift-Dir - straight line, f/p - adder
Aim: an adder (heavily wounded)
You shoot a stone. The stone closely misses the adder.
The adder bites you but does no damage.
Firing (i - inventory):
h - 37 stones (quivered)
Press: ? - help, Shift-Dir - straight line, f/p - adder
Aim: an adder (heavily wounded)
You shoot a stone. The stone hits the adder.
The stone burns the adder.
The adder is almost dead.
The adder barely misses you. The adder misses you.
Firing (i - inventory):
h - 36 stones (quivered)
Press: ? - help, Shift-Dir - straight line, f/p - adder
Aim: an adder (almost dead)
You shoot a stone. The stone closely misses the adder.
The adder closely misses you.
Firing (i - inventory):
h - 35 stones (quivered)
Press: ? - help, Shift-Dir - straight line, f/p - adder
Aim: an adder (almost dead)
You shoot a stone. The stone barely misses the adder.
The adder bites you.
You are lethally poisoned!
The adder poisons you! The adder bites you.
* * * LOW HITPOINT WARNING * * *
Firing (i - inventory):
h - 34 stones (quivered)
Press: ? - help, Shift-Dir - straight line, f/p - adder
Aim: an adder (almost dead)
You shoot a stone. The stone barely misses the adder.
* * * LOW HITPOINT WARNING * * *
You feel sick. The adder bites you.
* * * LOW HITPOINT WARNING * * *
You are more poisoned.
The adder poisons you!
It was a potion of flight.
You feel very buoyant.
You fly up into the air.
You die...

.... ....#
.....#
......#
.......###
......$..##
..........#
....(.S@..#
((........#
..........#
####......#
##.....#
##...##
##..# #..#


You could see an adder.

Vanquished Creatures
  3 adders
  3 bats
  A giant cockroach (D:2)
  2 goblins (D:3)
  2 hobgoblins
  A frilled lizard (D:2)
  A kobold (D:2)
  A rat (D:2)
14 creatures vanquished.

Vanquished Creatures (collateral kills)
  An adder (D:2)
  A hobgoblin (D:2)
2 creatures vanquished.

Grand Total: 16 creatures vanquished

Notes
Turn   | Place    | Note
-------+----------+-------------------------------------------
     0 | D:1      | glosham the Kobold Artificer began the quest for the Orb.
     0 | D:1      | Reached XP level 1. HP: 12/12 MP: 3/3
    46 | D:2      | Reached skill level 2 in Fighting
    46 | D:2      | Reached XP level 2. HP: 17/17 MP: 4/4
   160 | D:2      | Reached skill level 3 in Fighting
   160 | D:2      | Reached XP level 3. HP: 8/23 MP: 5/5
   335 | D:4      | HP: 1/24 [adder (2)]
   336 | D:4      | Succumbed to an adder's poison

Skill      XL: |  1  2 |
---------------+-------+-----
Fighting       | 2 3 |  3.8
Short Blades   | |  1.3
Dodging        | |  2.4
Stealth        | |  1.3
Evocations     | |  3.6

Action                   || total
-------------------------++-------
Melee: Short sword       ||    54
 Fire: Hunting sling     ||     9
Evoke: Wand              ||    13
  Use: Potion            ||     1
 Stab: Sleeping          ||     1
  Eat: Chunk             ||     7
Armor: Leather armour    ||    14
Dodge: Dodged            ||    60

Table legend:
 A = Turns spent in this place as a percentage of turns spent in the entire game.
 B = Non-inter-level travel turns spent in this place as a percentage of non-inter-level travel turns spent in the entire game.
 C = Inter-level travel turns spent in this place as a percentage of turns spent in this place.
 D = Turns resting spent in this place as a percentage of non-inter-level travel turns spent in this place.
 E = Turns spent auto-exploring this place as a percentage of non-inter-level travel turns spent in this place.
 F = Non-inter-level travel turns spent in this place divided by the number of levels of this place that you've seen.
                   A       B       C       D       E      F
               +-------+-------+-------+-------+-------+----------------------
         Total | 100.0 | 100.0 |   0.0 |   0.0 |   0.0 |  84.0
       Dungeon | 100.0 | 100.0 |   0.0 |   0.0 |   0.0 |  84.0
               +-------+-------+-------+-------+-------+----------------------

Table legend:
 A = Kills in this place as a percentage of kills in entire the game.
 B = Kills by you in this place as a percentage of kills by you in the entire game.
 C = Kills by friends in this place as a percentage of kills by friends in the entire game.
 D = Other kills in this place as a percentage of other kills in the entire game.
 E = Experience gained in this place as a percentage of experience gained in the entire game.
 F = Experience gained in this place divided by the number of levels of this place that you have seen.
                   A       B       C       D       E      F
               +-------+-------+-------+-------+-------+----------------------
         Total | 100.0 | 100.0 | 100.0 |   N/A | 100.0 |  16.8
       Dungeon | 100.0 | 100.0 | 100.0 |   N/A | 100.0 |  16.8
               +-------+-------+-------+-------+-------+----------------------

Vault maps used:
D:1:      dpeg_arrival_radiant, serial_aquarium, aquarium_bridge_square,
          aquarium_window_2, aquarium_window_2, aquarium_window_1,
          aquarium_view_2b, aquarium_view_2e, aquarium_pool_double
D:2:      st_stairs_8
D:3:      first_ration
D:4:      tgw_xom
